 Dungeon Crawl Stone Soup version 0.30.0-29-ga12c61a403 (webtiles) character file.

Game seed: 5873275678964930165

492 GimliDwarf the Ruffian (level 7, 0/52 HPs)
             Began as a Gnoll Wanderer on June 22, 2023.
             Succumbed to a scorpion's poison
             ... on level 4 of the Dungeon.
             The game lasted 00:08:30 (3441 turns).

GimliDwarf the Ruffian (Gnoll Wanderer)             Turns: 3441, Time: 00:08:30

Health: 0/52       AC:  4    Str: 14    XL:     7   Next: 14%
Magic:  12/12      EV: 11    Int: 10    God:
Gold:   138        SH:  5    Dex: 12    Spells: 12/13 levels left

rFire   . .          .
                       - Unarmed
rCold   . . .        c - +0 buckler
rNeg    . . .        e - +0 leather armour
rPois   .            (no helmet)
rElec   .            (no cloak)
rCorr   .            p - +0 pair of gloves
SInv    .            (no boots)
Will    .....        (no amulet)
Stlth   ++           (no ring)
HPRegen 0.28/turn    (no ring)
MPRegen 0.13/turn

%: no passive effects
@: lethally poisoned (0 -> -12)
A: fangs 1, strong nose, distributed training
a: no special abilities


You were on level 4 of the Dungeon.
You visited 1 branch of the dungeon, and saw 4 of its levels.

You collected 138 gold pieces.

Inventory:

Hand Weapons
 a - a +0 dagger
 x - a +1 scythe of distortion
Armour
 c - a +0 buckler (worn)
 e - a +0 leather armour (worn)
 p - a +0 pair of gloves (worn)
Jewellery
 z - a ring of see invisible
Wands
 m - a wand of roots (6)
 u - a wand of acid (10)
Scrolls
 f - 2 scrolls of blinking
 g - 3 scrolls of teleportation {unknown}
 i - 2 scrolls of identify {unknown}
 j - 2 scrolls of magic mapping {unknown}
 n - a scroll of enchant weapon {unknown}
 q - a scroll of acquirement {unknown}
 t - 3 scrolls of immolation {unknown}
 w - a scroll of poison {unknown}
 y - a scroll of amnesia {unknown}
Potions
 b - 2 potions of berserk rage
 d - a potion of lignification
 h - 3 potions of degeneration {unknown}
 k - 4 potions of curing {unknown}
 l - a potion of cancellation {unknown}
 o - a potion of invisibility {unknown}
 r - 2 potions of flight {unknown}
 s - a potion of might {unknown}
 v - a potion of resistance {unknown}


   Skills:
 + Level 3.5 Fighting
 + Level 2.4 Short Blades
 + Level 2.4 Long Blades
 + Level 2.4 Axes
 + Level 2.4 Maces & Flails
 + Level 2.4 Polearms
 + Level 2.4 Staves
 + Level 2.4 Ranged Weapons
 + Level 2.4 Throwing
 + Level 2.4 Armour
 + Level 2.4 Dodging
 + Level 2.4 Stealth
 + Level 5.2 Shields
 + Level 7.0 Unarmed Combat
 + Level 3.7 Spellcasting
 + Level 2.0 Conjurations
 + Level 2.0 Hexes
 + Level 2.0 Summonings
 + Level 2.0 Necromancy
 + Level 2.0 Translocations
 + Level 2.9 Transmutations
 + Level 2.0 Fire Magic
 + Level 2.0 Ice Magic
 + Level 2.0 Air Magic
 + Level 2.0 Earth Magic
 + Level 2.0 Poison Magic
 + Level 3.7 Invocations
 + Level 3.5 Evocations


You had 12 spell levels left.
You knew the following spells:

 Your Spells              Type           Power      Damage    Failure   Level
a - Beastly Appendage     Tmut           14%        N/A       13%         1

Your spell library contained the following spells:

 Spells                   Type           Power      Damage    Failure   Level
 Sandblast                Erth           10%        2d5       19%         1
 Passwall                 Tmut/Erth      5%         N/A       22%         2
 Ignite Poison            Fire/Tmut/Pois 6%         N/A       43%         3
 Stone Arrow              Conj/Erth      10%        3d7       50%         3


Dungeon Overview and Level Annotations

Branches:
Dungeon (4/15)
 Temple: D:4-7

Altars:
Fedhas

Shops:
D:4 [


Innate Abilities, Weirdness & Mutations

You have very sharp teeth.
Your uncanny sense of smell can sniff out nearby items.
Your experience applies equally to all skills.


Message History

The scorpion poisons you!
The scorpion evades a web.
You hit the scorpion.
You bite the scorpion, but do no damage.
The scorpion is moderately wounded.
You feel very sick. The scorpion stings you.
You closely miss the scorpion. You claw the scorpion.
The scorpion is moderately wounded.
You feel very sick.
The orc is caught in a web!
You closely miss the scorpion. You claw the scorpion.
The scorpion is moderately wounded.
You feel sick. The scorpion stings you.
You are more poisoned.
The scorpion poisons you! The scorpion closely misses you.
The orc pulls away from the web.
The scorpion closely misses you.
You hit the scorpion.
You headbutt the scorpion, but do no damage.
The scorpion is heavily wounded.
Your horns disappear.
Your talons disappear.
You feel very sick.
The scorpion stings you but does no damage.
The scorpion stings you.
You feel very sick. You block the scorpion's attack.
The scorpion attacks as you move away! The scorpion stings you.
You feel sick.
You feel very sick. The scorpion stings you.
* * * LOW HITPOINT WARNING * * *
The scorpion attacks as you move away! The scorpion stings you.
* * * LOW HITPOINT WARNING * * *
You are lethally poisoned!
The scorpion poisons you!
* * * LOW HITPOINT WARNING * * *
You feel very sick. The scorpion attacks as you move away!
The scorpion stings you.
* * * LOW HITPOINT WARNING * * *
x2 You feel very sick.
The scorpion completely misses you.
You die...

##)......................
#........#.......#.......
##..).............#...... .
###..).).............# ..##..
#.............##.....##......
#............###.s...........
###.........#####.so..........
#...........##....##..........
##..........##..@.####.#......
##..............## #^.# #....
##..........#...## ^..## ...
#....#...#..#.###s.### ..
#..#.....######.ob ∆
...#)##.## .. ...†.##.# ∆ b
....##.## ∆ .....###


You could see 2 scorpions and an orc.

Vanquished Creatures
  Sigmund (D:4)
  Jessica (D:2)
  A sleepcap (D:4)
  Natasha (thrice) (D:2)
  An orc wizard (D:4)
  5 adders
  3 gnolls (D:2)
  A worm (D:4)
  A dart slug (D:3)
  10 orcs
  7 ball pythons
  6 endoplasms
  5 giant cockroaches
  7 hobgoblins
  5 quokkas
  7 bats
  4 frilled lizards
  7 goblins
  8 kobolds
  7 rats
90 creatures vanquished.

Notes
Turn   | Place    | Note
-------+----------+-------------------------------------------
     0 | D:1      | GimliDwarf the Gnoll Wanderer began the quest for the Orb.
     0 | D:1      | GimliDwarf set off with the following items: a +0 dagger, a
                  | potion of berserk rage, a +0 buckler, a potion of
                  | lignification, a +0 leather armour, a scroll of blinking;
                  | and the following spell memorised: Beastly Appendage; and
                  | the following spells available to memorise: Ignite Poison.
     0 | D:1      | Reached XP level 1. HP: 17/17 MP: 4/4
   152 | D:1      | Reached XP level 2. HP: 23/23 MP: 3/5
   333 | D:1      | Found a faded altar of an unknown god.
   586 | D:1      | Reached XP level 3. HP: 28/28 MP: 5/7
  1048 | D:2      | Noticed Jessica
  1059 | D:2      | Killed Jessica
  1060 | D:2      | Reached skill level 1 in Short Blades
  1060 | D:2      | Reached skill level 1 in Long Blades
  1060 | D:2      | Reached skill level 1 in Axes
  1060 | D:2      | Reached skill level 1 in Maces & Flails
  1060 | D:2      | Reached skill level 1 in Polearms
  1060 | D:2      | Reached skill level 1 in Staves
  1060 | D:2      | Reached skill level 1 in Ranged Weapons
  1060 | D:2      | Reached skill level 1 in Throwing
  1060 | D:2      | Reached skill level 1 in Armour
  1060 | D:2      | Reached skill level 1 in Dodging
  1060 | D:2      | Reached skill level 1 in Stealth
  1060 | D:2      | Reached XP level 4. HP: 23/34 MP: 5/8
  1194 | D:2      | Reached skill level 1 in Conjurations
  1194 | D:2      | Reached skill level 1 in Hexes
  1194 | D:2      | Reached skill level 1 in Summonings
  1194 | D:2      | Reached skill level 1 in Necromancy
  1194 | D:2      | Reached skill level 1 in Translocations
  1194 | D:2      | Reached skill level 1 in Fire Magic
  1194 | D:2      | Reached skill level 1 in Ice Magic
  1194 | D:2      | Reached skill level 1 in Air Magic
  1194 | D:2      | Reached skill level 1 in Earth Magic
  1194 | D:2      | Reached skill level 1 in Poison Magic
  1431 | D:2      | Noticed Natasha
  1436 | D:2      | Killed Natasha
  1437 | D:2      | Reached XP level 5. HP: 34/41 MP: 7/9
  1771 | D:2      | Noticed Natasha
  1789 | D:2      | Killed Natasha
  2001 | D:2      | Noticed Natasha
  2053 | D:2      | Killed Natasha
  2519 | D:3      | Reached XP level 6. HP: 44/47 MP: 9/11
  3177 | D:4      | Found Umiwnyuw's Armour Shop.
  3184 | D:4      | Reached skill level 5 in Shields
  3247 | D:4      | Found a blossoming altar of Fedhas.
  3259 | D:4      | Noticed Sigmund
  3262 | D:4      | Killed Sigmund
  3331 | D:4      | Reached XP level 7. HP: 52/52 MP: 10/12
  3332 | D:4      | Reached skill level 7 in Unarmed Combat
  3441 | D:4      | Succumbed to a scorpion's poison

Illustrated notes

Levels and vault maps discovered:
D:1:      roderic_dead_forest, layout_basic,
          chequers_ecumenical_altar_simple_redux
D:2:      layout_basic, uniq_natasha, uniq_jessica
D:3:      layout_basic
D:4:      old_forge, layout_cave_pools, nicolae_overflow_crystal_walls,
          kennysheep_mini, serial_shops, shop, uniq_sigmund

Skill      XL: |  1  2  3  4  5  6  7 |
---------------+----------------------+-----
Transmutations | 2 |  2.9
Short Blades   | 1 2 |  2.4
Long Blades    | 1 2 |  2.4
Axes           | 1 2 |  2.4
Maces & Flails | 1 2 |  2.4
Polearms       | 1 2 |  2.4
Staves         | 1 2 |  2.4
Ranged Weapons | 1 2 |  2.4
Throwing       | 1 2 |  2.4
Armour         | 1 2 |  2.4
Dodging        | 1 2 |  2.4
Stealth        | 1 2 |  2.4
Spellcasting   | 3 |  3.7
Conjurations   | 1 2 |  2.0
Hexes          | 1 2 |  2.0
Summonings     | 1 2 |  2.0
Necromancy     | 1 2 |  2.0
Translocations | 1 2 |  2.0
Fire Magic     | 1 2 |  2.0
Ice Magic      | 1 2 |  2.0
Air Magic      | 1 2 |  2.0
Earth Magic    | 1 2 |  2.0
Poison Magic   | 1 2 |  2.0
Invocations    | 3 |  3.7
Fighting       | 3 |  3.5
Evocations     | 3 |  3.5
Shields        | 5 |  5.2
Unarmed Combat | 7 |  7.0

Action                     |  1- 3 |  4- 6 |  7- 9 || total
---------------------------+-------+-------+-------++-------
  Melee: Unarmed           |    59 |   115 |    21 ||   195
         Kick              |    10 |    23 |     5 ||    38
         Headbutt          |     6 |    14 |     3 ||    23
         Bite              |     4 |     7 |     5 ||    16
   Cast: Beastly Appendage |    20 |    32 |     2 ||    54
  Evoke: Wand              |       |     3 |       ||     3
   Stab: Sleeping          |       |     4 |       ||     4
 Armour: Leather armour    |    17 |    14 |     6 ||    37
  Dodge: Dodged            |    26 |    40 |    10 ||    76
  Block: Buckler           |    12 |    25 |     3 ||    40
